 Dungeon Crawl Stone Soup version 0.20-a0-317-gc038824 (webtiles) character file.

99 Deathtrap2010 the Sneak (level 4, -3/23 HPs)
             Began as a Vine Stalker Assassin on Dec 20, 2016.
             Slain by Sigmund
             ... wielding a +4 scythe of protection
              (8 damage)
             ... on level 3 of the Dungeon.
             The game lasted 00:20:13 (1246 turns).

Deathtrap2010 the Sneak (Vine Stalker Assassin)     Turns: 1246, Time: 00:20:13

Health: -3/23      AC:  4    Str: 13 (14) XL:     4   Next: 72%
Magic:  0/5        EV: 12    Int: 11      God:
Gold:   59         SH:  0    Dex: 16      Spells: 1/3 levels left

rFire  + . .     SeeInvis .     a - +4 dagger
rCold  . . .     Gourm    +     c - +0 robe
rNeg   . . .     Faith    .     (no shield)
rPois  +         Spirit   +     (no helmet)
rElec  .         Reflect  .     d - +0 cloak
rCorr  .         Harm     .     i - +0 pair of gloves
MR     .....                    (no boots)
Stlth  +++.......               k - amulet of the gourmand
                                m - ring of protection from fire
                                l - ring of poison resistance

@: no status effects
A: fangs 2, regeneration 1, magic shield, antimagic bite, no device heal 3, rot
immunity
a: no special abilities


You were on level 3 of the Dungeon.
You were not hungry.

You visited 1 branch of the dungeon, and saw 3 of its levels.

You collected 59 gold pieces.

Inventory:

Hand Weapons
 a - a +4 dagger (weapon)
 b - a +0 blowgun
 h - a +2 vampiric short sword
 j - a +0 dagger
Missiles
 e - 18 poisoned needles
 f - a curare-tipped needle
Armour
 c - a +0 robe (worn)
 d - a +0 cloak (worn)
 i - a +0 pair of gloves (worn)
Jewellery
 k - an amulet of the gourmand (around neck)
 l - a ring of poison resistance (left hand)
 m - a ring of protection from fire (right hand)
Wands
 p - a wand of lightning (8/15)
Potions
 r - 2 potions of flight
Books
 o - a book of Minor Magic

   Spells                             Type                      Level
   a - Magic Dart                     Conjuration                  1
   b - Blink                          Translocation                2
   c - Call Imp                       Summoning                    2
   d - Repel Missiles                 Charms/Air                   2
   e - Slow                           Hexes                        2
   f - Conjure Flame                  Conjuration/Fire             3
   g - Mephitic Cloud                 Conjuration/Poison/Air       3
Comestibles
 g - 3 bread rations
 n - a beef jerky
 q - a meat ration


   Skills:
 + Level 2.1 Fighting
 + Level 2.6 Short Blades
 + Level 1.9 Throwing
 + Level 1.0 Dodging
 + Level 6.4 Stealth


You had one spell level left.
You knew the following spells:

 Your Spells              Type           Power        Failure   Level  Hunger
a - Blink                 Tloc           N/A          56%         2    ###....


Dungeon Overview and Level Annotations

Branches:
Dungeon (3/15)

Altars:
Kikubaaqudgha

Annotations:
D:3 Sigmund


Innate Abilities, Weirdness & Mutations

You have extremely sharp teeth.
Your natural rate of healing is unusually fast.
When hurt, damage is shared between your health and your magic reserves.
Your bite disrupts and absorbs the magic of your enemies.
Potions and wands cannot restore your health.
You are immune to rotting.


Message History

Deactivating autopickup; reactivate with Ctrl-A.
You see here a club.
You hit the orc.
The orc is severely wounded.
The orc hits you with a flail.
You hit the orc.
You kill the orc!
Something hits you!
Things that are here:
a flail; an orc corpse You hit something but do no damage.
Your bite misses something. Something hits you but does no damage.
You miss something. Your bite misses something.
You hit something but do no damage. You bite something. You drain its magic.
You feel invigorated. Something hits you.
You hit something but do no damage. Something hits you!
* * * LOW HITPOINT WARNING * * *
You hit something. You hit something. Something hits you!
You die...

#...........
#.####......
#.###.......
#.##.......#
########.#..#..#.##
#.)........###†#.#.
#.######.#..#..#.#.
#.######......##.#
#)@.............
#...####.###....
##..# #.# #.##.
#..# #.# #.# #..#
..# #..# ### #..#
#...


There were no monsters in sight!

Vanquished Creatures
  Ijyb (D:2)
  2 adders (D:2)
  A worm (D:2)
  4 dart slugs
  A leopard gecko (D:2)
  3 orcs (D:3)
  4 bats
  A bat zombie (D:2)
  3 giant cockroaches
  6 goblins
  2 hobgoblins (D:1)
  5 kobolds
  A quokka (D:2)
  A ball python (D:2)
  4 frilled lizards
  4 rats
  3 rat zombies (D:2)
46 creatures vanquished.

Notes
Turn   | Place    | Note
-------+----------+-------------------------------------------
     0 | D:1      | Deathtrap2010 the Vine Stalker Assassin began the quest for the Orb.
     0 | D:1      | Reached XP level 1. HP: 11/11 MP: 2/2
   160 | D:1      | Reached skill level 5 in Stealth
   201 | D:1      | Reached XP level 2. HP: 12/15 MP: 1/3
   591 | D:2      | Reached XP level 3. HP: 17/18 MP: 4/4
   720 | D:2      | Noticed Ijyb
   744 | D:2      | Killed Ijyb
   744 | D:2      | Reached skill level 1 in Dodging
   744 | D:2      | Reached skill level 6 in Stealth
   747 | D:2      | Gained mutation: Your natural rate of healing is unusually fast. [Vine Stalker growth]
   747 | D:2      | Reached XP level 4. HP: 8/23 MP: 5/5
   941 | D:2      | Learned a level 2 spell: Blink
  1028 | D:2      | Found an ancient bone altar of Kikubaaqudgha.
  1234 | D:3      | Noticed Sigmund
  1246 | D:3      | Slain by Sigmund

Vault maps used:
D:1:      tarquinn_simple_flora_water_f
D:2:      lemuel_zombie_altar_kikubaaqudgha, uniq_iyjb
D:3:      uniq_sigmund

Skill      XL: |  1  2  3 |
---------------+----------+-----
Stealth        | 5 6 |  6.4
Short Blades   | 2 |  2.6
Fighting       | 2 |  2.1
Dodging        | 1 |  1.0
Throwing       | |  1.9

Action                   |  1- 3 |  4- 6 || total
-------------------------+-------+-------++-------
Melee: Dagger            |    57 |    56 ||   113
       Bite              |    10 |     7 ||    17
 Fire: Blowgun           |     3 |     2 ||     5
 Cast: Blink             |       |     1 ||     1
  Use: Scroll            |     6 |     2 ||     8
       Potion            |     3 |     2 ||     5
 Stab: Sleeping          |     7 |     5 ||    12
  Eat: Bread ration      |       |     1 ||     1
Armor: Robe              |    18 |     9 ||    27
Dodge: Dodged            |    27 |    20 ||    47
